[Event "Team 45 45 League T64"]
[Site "Internet Chess Club"]
[Date "2015.03.16"]
[Round "2"]
[White "Grenadier"]
[Black "Tjet"]
[Result "1/2-1/2"]
[WhiteElo "1561"]
[BlackElo "1532"]
[Opening "King's pawn opening"]
[ECO "B07"]
[Time "20:08:22"]
[TimeControl "2700+45"]

1. e4 d6 2. d4 e5 3. dxe5 dxe5 4. Qxd8+ Kxd8 5. Nf3 Bd6 6. Nc3 f6 7. Be3 c6 8.
Rd1 Kc7 9. Bc4 Bg4 10. h3 Bxf3 11. gxf3 g6 12. h4 Nd7 13. a4 a6 14. Ke2 f5 15.
exf5 gxf5 16. Be6 f4 17. Bc1 Ngf6 18. Rhg1 Rad8 19. Rg7 Rde8 20. Bxd7 Nxd7 21.
Ne4 Re7 22. Rg5 Re6 23. Nxd6 Rxd6 24. Rxd6 Kxd6 25. b3 Re8 26. Rg7 b5 27. axb5
axb5 28. Rxh7 c5 29. h5 Nf6 30. Rb7 Kc6 31. Rg7 Nxh5 32. Rg5 Nf6 33. Bb2 Kd5 34.
Kd3 Nd7 35. c4+ bxc4+ 36. bxc4+ Kd6 37. Rg6+ Re6 38. Rg1 Nf6 39. Rd1 Kc6 40. Ke2
Nd7 41. Rd5 Nb6 42. Rxe5 Rxe5+ 43. Bxe5 Nxc4 44. Bxf4 Kd5 45. Kd3 Ne5+ 46. Ke2
c4 47. Bh6 Nc6 48. Bg7 Ne7 49. Bf6 Nf5 50. Kd2 Ke6 51. Bh8 Kd5 52. Bf6 Ke6 53.
Bg5 Kd5 54. Be3 Nd6 55. Ke2 Nf5 56. f4 Ke4 57. f3+ Kd5 58. Kd2 Nh4 59. Ke2 Nf5
60. Bc1 Kd4 61. Kd2 Kd5 62. Bb2 Nd6 63. Bf6 Nf5 64. Ke2 Nd6 65. Kd2 Nf5 66. Bc3
Nh4 67. Ke2 Nf5 68. Kf2 Ke6 69. Kg2 Ne3+ 70. Kg3 Kf5 71. Be5 Nd5 72. Kf2 Nxf4
73. Bxf4 Kxf4 74. Ke2 c3 75. Kd3 Kxf3 76. Kxc3 {Game drawn because neither
player has mating material} 1/2-1/2

[Event "Team 45 45 League T64"]
[Site "Internet Chess Club"]
[Date "2015.03.15"]
[Round "2"]
[White "Chesslov"]
[Black "GoIrish"]
[Result "1-0"]
[WhiteElo "1490"]
[BlackElo "1591"]
[Opening "Two knights defense (Modern bishop's opening)"]
[ECO "C55"]
[Time "20:30:16"]
[TimeControl "2700+45"]

1. e4 e5 2. Nf3 Nc6 3. Bc4 Nf6 4. d3 Be7 5. O-O O-O 6. a3 d5 7. exd5 Nxd5 8. Bd2
Bg4 9. Qe2 Qd7 10. Qe4 Nf6 11. Qe2 Bd6 12. c3 Rae8 13. Be3 e4 14. dxe4 Nxe4 15.
Nbd2 Nxd2 16. Qxd2 Bxf3 17. gxf3 Qh3 18. f4 Na5 19. Bd5 Qg4+ 20. Kh1 Rd8 21. Rg1
Qh4 22. Qd4 Qh6 23. Rxg7+ Qxg7 24. Rg1 Qxg1+ 25. Kxg1 b6 26. Qf6 c6 27. Bd4
{Black resigns} 1-0

[Event "Team 45 45 League T64"]
[Site "Internet Chess Club"]
[Date "2015.03.14"]
[Round "2"]
[White "Portola"]
[Black "Timotheous"]
[Result "1-0"]
[WhiteElo "1742"]
[BlackElo "1824"]
[Opening "Queen's pawn game"]
[ECO "A45"]
[Time "09:01:25"]
[TimeControl "2700+45"]

1. d4 Nf6 2. c3 d6 3. Nf3 c6 4. Bf4 Bg4 5. h3 Bxf3 6. exf3 Nbd7 7. Be2 e5 8.
dxe5 dxe5 9. Bg3 Be7 10. Nd2 O-O 11. O-O Bd6 12. Qc2 Re8 13. Rfd1 Bc7 14. Bc4 b5
15. Be2 Qe7 16. a4 a6 17. Ne4 Nc5 18. axb5 cxb5 19. Nxf6+ Qxf6 20. Rd5 Qc6 21.
Rad1 f6 22. Qf5 Rad8 23. R5d2 Rxd2 24. Rxd2 Qe6 25. Qc2 Qb3 26. Qb1 g6 27. Bd1
Qf7 28. Qa1 Ra8 29. Qa3 Ne6 30. Bb3 Kg7 31. Qa2 {Black resigns} 1-0

[Event "Team 45 45 League T64"]
[Site "Internet Chess Club"]
[Date "2015.03.14"]
[Round "2"]
[White "RamRock"]
[Black "Chesscat9"]
[Result "1-0"]
[WhiteElo "1699"]
[BlackElo "1673"]
[Opening "French: exchange variation"]
[ECO "C01"]
[Time "12:00:31"]
[TimeControl "2700+45"]

1. e4 e6 2. d4 d5 3. exd5 exd5 4. Nf3 Bd6 5. Bd3 Ne7 6. Bg5 O-O 7. O-O Bg4 8.
Bh4 Nbc6 9. c3 Qd7 10. Nbd2 Nf5 11. Qc2 Nce7 12. Bxe7 Nxe7 13. Bxh7+ Kh8 14. Bd3
g6 15. Ne5 Qe6 16. Rfe1 Bxe5 17. Rxe5 Qd6 18. Nf1 Kg7 19. Rae1 Rae8 20. Ng3 Rh8
21. f3 Bd7 22. Qe2 Nc6 23. Rxe8 Rxe8 24. Qd2 Rh8 25. Qg5 Nd8 26. Qe5+ Qxe5 27.
Rxe5 Be6 28. Ne2 f6 29. Re3 c6 30. h3 Kf7 31. Nf4 f5 32. Bc2 Kf6 33. Kf2 g5 34.
Nd3 f4 35. Re1 Nf7 36. Ne5 Nd6 37. Ng4+ Bxg4 38. fxg4 Nc4 39. b3 Ne3 40. Bd3 b5
41. Rh1 Nxg4+ 42. Kf3 Re8 43. Kxg4 Re3 44. Bb1 Rg3+ 45. Kh5 Rxg2 46. Rf1 Rg3 47.
Rh1 Rxc3 48. h4 Rg3 49. hxg5+ Rxg5+ 50. Kh4 Rg8 51. Rf1 Ke6 {Black resigns} 1-0

[Event "Team 45 45 League T64"]
[Site "Internet Chess Club"]
[Date "2015.03.12"]
[Round "2"]
[White "sohamjoshi"]
[Black "OGO"]
[Result "1-0"]
[WhiteElo "1569"]
[BlackElo "1571"]
[Opening "Queen's pawn: Torre attack"]
[ECO "A46"]
[Time "21:01:35"]
[TimeControl "2700+45"]

1. d4 Nf6 2. Nf3 e6 3. Bg5 d6 4. e3 Nbd7 5. Bd3 Be7 6. Nbd2 O-O 7. c3 b6 8. O-O
Bb7 9. Qc2 Rc8 10. Rfe1 h6 11. Bh4 c5 12. Bg3 cxd4 13. exd4 Nd5 14. a3 a6 15. h3
b5 16. Qd1 N5f6 17. Rc1 Qb6 18. b4 Nd5 19. Qb3 Qd8 20. Be4 N7b6 21. c4 Nxc4 22.
Nxc4 bxc4 23. Rxc4 Qd7 24. Rec1 Nb6 25. Bxb7 Rxc4 26. Rxc4 Nxc4 27. Bxa6 Nb6 28.
b5 d5 29. Ne5 Qc7 30. Kh2 Bd6 31. a4 f6 32. Nc6 Bxg3+ 33. fxg3 e5 34. dxe5 fxe5
35. a5 Nc4 36. Qd3 Qd6 37. Bb7 e4 38. Qe2 Qc7 39. a6 e3 40. Nd4 Rf2 41. Bxd5+
Kh8 42. Qxc4 Qe5 43. Bf3 {Black resigns} 1-0

[Event "Team 45 45 League T64"]
[Site "Internet Chess Club"]
[Date "2015.03.15"]
[Round "2"]
[White "cnpatton"]
[Black "rubo"]
[Result "0-1"]
[WhiteElo "1421"]
[BlackElo "1631"]
[Opening "Caro-Kann: advance variation"]
[ECO "B12"]
[Time "19:00:31"]
[TimeControl "2700+45"]

1. e4 c6 2. d4 d5 3. e5 Bf5 4. Nf3 e6 5. Bd3 Bxd3 6. Qxd3 Ne7 7. Ng5 Ng6 8. Qf3
Qd7 9. h4 h6 10. Qh5 hxg5 11. Qg4 Rxh4 12. Rxh4 gxh4 13. Bg5 Be7 14. Nc3 Bxg5
15. Qxg5 Qe7 16. Qg4 Nd7 17. Na4 Qb4+ 18. Nc3 Qxb2 19. Rb1 Qxc3+ 20. Kf1 O-O-O
21. Qd1 h3 22. Rb3 hxg2+ 23. Kxg2 Nf4+ 24. Kf1 Rh8 {White resigns} 0-1

[Event "Team 45 45 League T64"]
[Site "Internet Chess Club"]
[Date "2015.03.13"]
[Round "2"]
[White "Berke"]
[Black "Littlemon"]
[Result "0-1"]
[WhiteElo "1577"]
[BlackElo "1542"]
[Opening "Hungarian defense"]
[ECO "C50"]
[Time "14:00:33"]
[TimeControl "2700+45"]

1. e4 e5 2. Nf3 Nc6 3. Bc4 Be7 4. c3 Nf6 5. d3 O-O 6. Bb3 h6 7. Nbd2 d6 8. Nf1
Kh8 9. Ne3 Nh7 10. Nf5 Bxf5 11. exf5 Qd7 12. Bc2 Qxf5 13. O-O Qd7 14. Re1 Bf6
15. Be3 Rfe8 16. d4 exd4 17. cxd4 d5 18. Qd3 Nf8 19. a3 Na5 20. b3 Nc6 21. Nd2
Qg4 22. h3 Qg6 23. Qc3 Qh5 24. Bd1 Qf5 25. Bc2 Qd7 26. b4 a6 27. Nf1 Ne6 28. Qd3
g6 29. Rad1 Nexd4 30. Bxd4 Nxd4 31. Bb1 c6 32. Qg3 Ne2+ 33. Rxe2 Rxe2 34. Ne3
Qe6 35. Qf3 Rb2 36. Ng4 Bg7 {White resigns} 0-1

[Event "Team 45 45 League T64"]
[Site "Internet Chess Club"]
[Date "2015.03.12"]
[Round "2"]
[White "scarycell"]
[Black "Chaitanyaann"]
[Result "1/2-1/2"]
[WhiteElo "1376"]
[BlackElo "1332"]
[Opening "Sicilian: closed"]
[ECO "B23"]
[Time "18:00:33"]
[TimeControl "2700+45"]

1. e4 c5 2. Nc3 e6 3. f4 Nc6 4. Nf3 d5 5. exd5 exd5 6. d4 Nf6 7. Bb5 Qb6 8. Be3
a6 9. Bxc6+ Qxc6 10. O-O cxd4 11. Nxd4 Qc7 12. Qf3 Be6 13. f5 Bd7 14. Nxd5 Nxd5
15. Qxd5 Bd6 16. Qe4+ Kf8 17. h3 Re8 18. Qd3 Bc5 19. c3 Bxd4 20. Bxd4 f6 21.
Rad1 Bb5 22. c4 Bxc4 23. Qa3+ Kf7 24. Rfe1 Qd7 25. Rxe8 Rxe8 26. b3 Bd5 27. Qc5
Qxf5 28. Bxf6 gxf6 29. Qxd5+ Qxd5 30. Rxd5 Ke6 31. Rd3 b5 32. Re3+ Kd7 33. Rxe8
Kxe8 34. Kf2 Ke7 35. Kf3 Ke6 36. g4 Kd5 37. Kf4 Ke6 38. h4 h6 39. a3 a5 40. b4
a4 41. Ke4 Ke7 42. Kf5 Kf7 43. Ke4 {Game drawn by mutual agreement} 1/2-1/2

[Event "Team 45 45 League T64"]
[Site "Internet Chess Club"]
[Date "2015.03.16"]
[Round "2"]
[White "HorseRadish"]
[Black "AryanB"]
[Result "1-0"]
[WhiteElo "1411"]
[BlackElo "1408"]
[Opening "Sicilian: Smith-Morra gambit"]
[ECO "B21"]
[Time "19:00:23"]
[TimeControl "2700+45"]

1. e4 c5 2. d4 cxd4 3. c3 dxc3 4. Nxc3 g6 5. Nf3 Bg7 6. Bc4 e6 7. O-O Ne7 8. Bf4
O-O 9. Nb5 Na6 10. Qe2 b6 11. Rfd1 Bb7 12. Nd6 Bc8 13. Nxc8 Qxc8 14. Bxa6 Qd8
15. Bb7 Nc6 16. Bxa8 Qxa8 17. Rxd7 Rd8 18. Rxd8+ Qxd8 19. Rd1 Qe7 20. Qb5 Nd8
21. Qd7 Qxd7 22. Rxd7 Nc6 23. e5 Bf8 24. Rc7 Nb4 25. Rxa7 Bc5 26. Bh6 {Black
resigns} 1-0

[Event "Team 45 45 League T64"]
[Site "Internet Chess Club"]
[Date "2015.03.16"]
[Round "2"]
[White "bmw2002"]
[Black "unclevinny"]
[Result "0-1"]
[WhiteElo "1465"]
[BlackElo "1646"]
[Opening "English, 1...Nf6 (Anglo-Indian defense)"]
[ECO "A15"]
[Time "22:02:50"]
[TimeControl "2700+45"]

1. c4 Nf6 2. g3 g6 3. Bg2 Bg7 4. Nc3 O-O 5. Nf3 d6 6. O-O e5 7. e4 b6 8. d3 Bb7
9. b4 Nc6 10. a3 Rb8 11. h3 Nd7 12. Nd5 h6 13. Be3 Ne7 14. Nc3 f5 15. Qb3 Kh8
16. Rac1 g5 17. Nd5 f4 18. gxf4 exf4 19. Bd4 Ne5 20. Qc3 N7g6 21. c5 Nxf3+ 22.
Bxf3 Bxd4 23. Qxd4+ Ne5 24. cxb6 cxb6 25. Bh5 Rc8 26. Rxc8 Bxc8 27. Kg2 Kh7 28.
Rc1 Rg8 29. Rc7+ Rg7 30. Nf6+ Qxf6 31. Rxc8 f3+ 32. Kg1 Qe6 33. Bg4 Nxg4 {White
resigns} 0-1

[Event "Team 45 45 League T64"]
[Site "Internet Chess Club"]
[Date "2015.03.15"]
[Round "2"]
[White "Visin"]
[Black "Zyme"]
[Result "1-0"]
[WhiteElo "1327"]
[BlackElo "1281"]
[Opening "French: exchange variation"]
[ECO "C01"]
[Time "08:00:27"]
[TimeControl "2700+45"]

1. e4 e6 2. d4 d5 3. exd5 exd5 4. Nf3 Bg4 5. b3 Bd6 6. Bb2 Nf6 7. Nbd2 Nc6 8.
Be2 Qe7 9. O-O O-O-O 10. c4 dxc4 11. bxc4 Rhe8 12. Re1 Bf4 13. d5 Nb8 14. Nd4
Bxe2 15. Rxe2 Qd6 16. g3 Be5 17. Rb1 Bxd4 18. Bxd4 Rxe2 19. Qxe2 Re8 20. Qd3 b6
21. Bxf6 Qxf6 22. Kf1 g6 23. Qf3 Qxf3 24. Nxf3 h6 25. Re1 Rxe1+ 26. Kxe1 Nd7 27.
Kd2 Kd8 28. Kd3 Nc5+ 29. Kd4 Ke7 30. Ne5 a5 31. f4 Nd7 32. a4 g5 33. fxg5 hxg5
34. h4 Nxe5 35. Kxe5 f6+ 36. Kf5 Kf7 37. hxg5 fxg5 38. Kxg5 Kg7 39. Kf5 Kf7 40.
g4 Kg7 41. Ke6 Kg6 42. Kd7 {Black resigns} 1-0

[Event "Team 45 45 League T64"]
[Site "Internet Chess Club"]
[Date "2015.03.14"]
[Round "2"]
[White "chuckh2"]
[Black "MateIn42"]
[Result "1-0"]
[WhiteElo "1424"]
[BlackElo "1363"]
[Opening "Center game: Paulsen attack"]
[ECO "C22"]
[Time "12:03:16"]
[TimeControl "2700+45"]

1. e4 e5 2. d4 exd4 3. Qxd4 Nc6 4. Qe3 g6 5. Nc3 Bg7 6. Bd2 d6 7. O-O-O Bd4 8.
Qg3 Be6 9. h3 Qf6 10. f4 Qe7 11. Nd5 Qd7 12. Bb5 O-O-O 13. Ne2 Bb6 14. Bc3 f6
15. Nxf6 Qf7 16. Nd5 Bd4 17. Nxd4 Nxd4 18. Bxd4 Nf6 19. Bxf6 {Black resigns} 1-0

[Event "Team 45 45 League T64"]
[Site "Internet Chess Club"]
[Date "2015.03.13"]
[Round "2"]
[White "varavind"]
[Black "artspir"]
[Result "1/2-1/2"]
[WhiteElo "1302"]
[BlackElo "1237"]
[Opening "Caro-Kann: advance variation"]
[ECO "B12"]
[Time "14:03:40"]
[TimeControl "2700+45"]

1. e4 c6 2. d4 d5 3. e5 Bf5 4. Bd3 Bxd3 5. Qxd3 e6 6. Nf3 Nd7 7. Nbd2 f6 8. c4
Bb4 9. O-O Bxd2 10. Bxd2 Ne7 11. cxd5 cxd5 12. Rac1 O-O 13. exf6 Nxf6 14. Rfe1
Qd6 15. Qe3 Ne4 16. Ng5 Nxg5 17. Qxg5 Nf5 18. Bf4 Qe7 19. Qxe7 Nxe7 20. Bd6 Kf7
21. Bxe7 Kxe7 22. Rc7+ Kf6 23. Rec1 b5 24. Rb7 Rac8 25. Rcc7 a5 26. Kf1 b4 27.
Ke2 Rxc7 28. Rxc7 a4 29. a3 bxa3 30. bxa3 Rb8 31. Kd3 Rb3+ 32. Rc3 Rb1 33. Rc5
Rb3+ 34. Rc3 Rb1 35. Rc5 Rb3+ 36. Rc3 {Game drawn by repetition} 1/2-1/2

[Event "Team 45 45 League T64"]
[Site "Internet Chess Club"]
[Date "2015.03.14"]
[Round "2"]
[White "freakypawn"]
[Black "primerpaso"]
[Result "0-1"]
[WhiteElo "1801"]
[BlackElo "1877"]
[Opening "Nimzo-Indian: 4.e3, main line with 8...Bxc3"]
[ECO "E58"]
[Time "10:19:31"]
[TimeControl "2700+45"]

1. d4 Nf6 2. c4 e6 3. Nc3 Bb4 4. e3 c5 5. a3 Bxc3+ 6. bxc3 O-O 7. Bd3 Nc6 8. Nf3
d5 9. O-O Qc7 10. cxd5 exd5 11. a4 c4 12. Bc2 Bg4 13. Ba3 Rfe8 14. Qe1 Ne4 15.
Bxe4 dxe4 16. Nd2 Na5 17. Qb1 Be2 18. Re1 Bd3 19. Qb4 Re6 20. Ra2 Rc8 21. Rb2 b6
22. f3 Rh6 23. g3 f5 24. Qb5 Qf7 25. fxe4 fxe4 26. Nf1 Rf6 27. Nd2 Rf2 28. Bd6
Nb3 29. Rd1 Nxd2 30. Bf4 Rxf4 31. exf4 e3 32. Rdxd2 exd2 33. Rxd2 Qe6 34. Qe5
Re8 35. Kf2 Qxe5 36. dxe5 Kf7 37. Ke3 Ke6 38. g4 Rd8 39. h4 Rd5 40. Rb2 Ra5 41.
Rb4 Kd5 42. Rb5+ Rxb5 43. axb5 Bc2 44. h5 Bd1 45. e6 Kxe6 46. f5+ Ke5 47. h6
gxh6 48. f6 Kxf6 49. Kd4 Be2 {White resigns} 0-1

[Event "Team 45 45 League T64"]
[Site "Internet Chess Club"]
[Date "2015.03.15"]
[Round "2"]
[White "frank001"]
[Black "fkramer"]
[Result "1-0"]
[WhiteElo "1781"]
[BlackElo "1766"]
[Opening "French: Fort Knox variation"]
[ECO "C03"]
[Time "08:07:59"]
[TimeControl "2700+45"]

1. e4 e6 2. d4 d5 3. Nd2 dxe4 4. Nxe4 Bd7 5. Nf3 Bc6 6. Bd3 Nd7 7. O-O Ngf6 8.
Neg5 Bd6 9. Re1 O-O 10. Ne5 Bxe5 11. dxe5 Nd5 12. Bxh7+ Kh8 13. Qh5 N5f6 14.
exf6 Nxf6 15. Qh4 Qd6 16. Bd3+ Kg8 17. Bf4 Qd5 18. Be4 Qc5 19. Bxc6 Qxc6 20. Be5
Qxc2 21. Bxf6 gxf6 22. Ne4 Rfd8 23. Qh6 {Black resigns} 1-0

[Event "Team 45 45 League T64"]
[Site "Internet Chess Club"]
[Date "2015.03.12"]
[Round "2"]
[White "jjfchess"]
[Black "Portola"]
[Result "1-0"]
[WhiteElo "1750"]
[BlackElo "1721"]
[Opening "French: Tarrasch"]
[ECO "C03"]
[Time "20:30:33"]
[TimeControl "2700+45"]

1. e4 e6 2. d4 d5 3. Nd2 dxe4 4. Nxe4 Be7 5. Nf3 Nf6 6. Nxf6+ Bxf6 7. Bd3 O-O 8.
Qe2 Nd7 9. Qe4 g6 10. h4 h5 11. Bg5 Be7 12. O-O-O Nf6 13. Qf4 Ng4 14. Qd2 Re8
15. c3 Qd5 16. Kb1 c5 17. Qc2 f5 18. Bb5 Bd7 19. dxc5 Qxd1+ 20. Rxd1 Bxb5 21.
Nd4 Bc4 22. Re1 Bxc5 23. f3 Nf2 24. Qxf2 e5 25. Be3 exd4 26. Bxd4 b6 27. Bxc5
bxc5 28. Rxe8+ Rxe8 29. Qxc5 Re1+ 30. Kc2 Bxa2 31. Qf2 Bb1+ 32. Kb3 Re7 33. c4
a5 34. Qc5 Re2 35. Qc8+ Kf7 36. Qd7+ Kf6 37. Qd1 Re3+ 38. Ka4 Ba2 39. Qd4+
{Black resigns} 1-0

[Event "Team 45 45 League T64"]
[Site "Internet Chess Club"]
[Date "2015.03.15"]
[Round "2"]
[White "lacibacsi"]
[Black "Agarnez"]
[Result "1/2-1/2"]
[WhiteElo "2051"]
[BlackElo "1979"]
[Opening "French: advance, Euwe variation"]
[ECO "C02"]
[Time "16:12:24"]
[TimeControl "2700+45"]

1. e4 e6 2. d4 d5 3. e5 c5 4. c3 Nc6 5. Nf3 Bd7 6. a3 Rc8 7. Bd3 cxd4 8. cxd4
Qb6 9. O-O Nxd4 10. Nxd4 Qxd4 11. Nc3 Ne7 12. Kh1 Qxe5 13. f4 Qd6 14. Qe2 a6 15.
Bd2 Nc6 16. f5 e5 17. Rae1 Be7 18. Qf3 Nd4 19. Qxd5 Qxd5 20. Nxd5 f6 21. Nb6 Rd8
22. Nxd7 Rxd7 23. Rd1 O-O 24. Bc4+ Kh8 25. Ba5 Bd6 26. Bb6 Re7 27. Bxd4 exd4 28.
Rxd4 Be5 29. Rd2 {Game drawn by mutual agreement} 1/2-1/2

[Event "Team 45 45 League T64"]
[Site "Internet Chess Club"]
[Date "2015.03.12"]
[Round "2"]
[White "Axagus"]
[Black "Tobiasdelmonte"]
[Result "1-0"]
[WhiteElo "1754"]
[BlackElo "1786"]
[Opening "QGD: Tarrasch defense"]
[ECO "D32"]
[Time "22:01:56"]
[TimeControl "2700+45"]

1. c4 e6 2. Nc3 d5 3. d4 c5 4. cxd5 exd5 5. Nf3 Nc6 6. Bg5 Nf6 7. Bxf6 Qxf6 8.
Nxd5 Qd8 9. e4 Be6 10. dxc5 Bxc5 11. Be2 Qa5+ 12. Nc3 Rd8 13. Qc1 O-O 14. O-O h6
15. a3 Bb3 16. Nb5 Be7 17. Bc4 Qa4 18. Bxb3 Qxb3 19. Nc3 Bf6 20. Rb1 Rfe8 21.
Nd2 Qe6 22. Nd5 Be5 23. Nf3 Bb8 24. Nc3 Rd3 25. Rd1 Red8 26. Rxd3 Rxd3 27. Qc2
Rd8 28. Rd1 Re8 29. Rd3 f5 30. e5 Nxe5 31. Rd1 Nxf3+ 32. gxf3 Qe5 33. Kf1 Qxh2
34. Ne2 Qh3+ 35. Ke1 Qxf3 36. Rd3 Qh1+ 37. Kd2 Qf1 38. Qc4+ Kh8 39. Re3 Rd8+ 40.
Rd3 Rg8 41. Rf3 f4 42. Qd4 Qg2 43. Rd3 f3 44. Nc3 Qg5+ 45. Kc2 Rf8 46. Qe4 Qf6
47. Nd5 Rc8+ 48. Nc3 Rf8 49. Nd5 Qf7 50. Ne7 Re8 51. Ng6+ Kg8 52. Qg4 Re2+ 53.
Kd1 Qc7 54. Qa4 Re6 55. Qb3 Qb6 56. Qd5 Qd6 57. Qxf3 Qxd3+ 58. Qxd3 Rd6 59. Ne7+
Kh8 60. Nd5 a6 61. Qf3 Rd8 62. Ke2 Re8+ 63. Kf1 Kg8 64. Ne3 Rf8 65. Qd5+ Kh8 66.
Kg2 b5 67. Qe6 a5 68. Qb6 b4 69. a4 Be5 70. b3 Rf6 71. Qxa5 Rg6+ 72. Kf1 Bc3 73.
Qd8+ Kh7 74. Qd3 h5 75. Ng2 Kh6 76. Qe3+ Kh7 77. Qe4 Kh6 78. Nf4 Rg4 79. f3 Rg5
80. Qe6+ Bf6 81. Nd5 Re5 82. Qd6 Rf5 83. Kf2 h4 84. Nxf6 Rxf6 85. Qxb4 Kh5 86.
Qg4+ Kh6 87. Qxh4+ Kg6 88. Qxf6+ Kxf6 {Black resigns} 1-0

[Event "Team 45 45 League T64"]
[Site "Internet Chess Club"]
[Date "2015.03.15"]
[Round "2"]
[White "pauliewoll"]
[Black "drbishop"]
[Result "1-0"]
[WhiteElo "1744"]
[BlackElo "1706"]
[Opening "French: Tarrasch, open, 4.ed ed"]
[ECO "C08"]
[Time "17:02:03"]
[TimeControl "2700+45"]

1. e4 e6 2. d4 d5 3. Nd2 c5 4. exd5 exd5 5. Bb5+ Nc6 6. Qe2+ Qe7 7. dxc5 a6 8.
Ba4 Qxe2+ 9. Nxe2 Bxc5 10. O-O Nf6 11. Nb3 Ba7 12. Ned4 Bd7 13. Re1+ Kf8 14.
Bxc6 bxc6 15. c3 Re8 16. Be3 h6 17. Nf5 Bxe3 18. Nxe3 Rb8 19. Rad1 g6 20. Rd2
Kg7 21. Nc5 Bc8 22. f3 Re8 23. Kf2 Rb5 24. b4 a5 25. a3 axb4 26. axb4 g5 27. Ra1
g4 28. Ra7 gxf3 29. gxf3 Rd8 30. Rc7 Rb6 31. Nc2 Ne8 32. Re7 Nd6 33. Nd4 Kf6 34.
Rde2 Nf5 35. Re8 Rxe8 36. Rxe8 Nxd4 37. Rxc8 Ne6 38. Nd7+ Ke7 39. Nxb6 Kd6 40.
Rh8 Kc7 41. Na4 d4 42. Rxh6 dxc3 43. Nxc3 Kd6 44. b5 cxb5 45. Nxb5+ Ke7 46.
Rxe6+ Kxe6 47. Ke3 f6 48. Kf4 Kf7 49. Kf5 {Black resigns} 1-0

[Event "Team 45 45 League T64"]
[Site "Internet Chess Club"]
[Date "2015.03.12"]
[Round "2"]
[White "victoriosan"]
[Black "fireball"]
[Result "1/2-1/2"]
[WhiteElo "1465"]
[BlackElo "1626"]
[Opening "French: Tarrasch, closed variation"]
[ECO "C05"]
[Time "18:35:38"]
[TimeControl "2700+45"]

1. e4 e6 2. d4 d5 3. Nd2 Nf6 4. e5 Nfd7 5. Ngf3 c5 6. c3 Nc6 7. a3 Be7 8. b4
cxd4 9. cxd4 O-O 10. Bd3 f6 11. Bb2 f5 12. Nf1 Bg5 13. h4 Be7 14. Qc1 h6 15. Ng3
Qe8 16. Ne2 Nd8 17. Nf4 g5 18. hxg5 hxg5 19. Nh5 Qg6 20. g4 Nf7 21. Ng3 Nh6 22.
gxf5 exf5 23. Rh5 Nb6 24. Ke2 Nf7 25. Qc2 Nh6 26. Rah1 Ng4 27. Bc1 Kf7 28. Nxg5+
Ke8 29. f3 Nxe5 30. dxe5 Bxg5 31. Rxg5 Qe6 32. Bb2 Nc4 33. Bxf5 Qb6 34. Qc3 Bxf5
35. Rxf5 Rg8 36. Rf6 Qb5 37. Kf2 Rc8 38. Nf5 Kd8 39. Nd6 Qb6+ 40. Qd4 Nxb2 41.
Nf7+ Ke7 42. Rxb6 Rc2+ 43. Ke3 Nc4+ 44. Kf4 Nxb6 45. Qd3 Rc4+ 46. Kf5 Kxf7 47.
Rh7+ Ke8 48. Rxb7 Rf8+ 49. Kg6 Rc6+ 50. Kg7 Rf4 51. Qh7 Nd7 52. Qh8+ Ke7 53. Qh3
Rf7+ 54. Kh8 Rf8+ 55. Kg7 Rf7+ 56. Kg8 Rf8+ 57. Kg7 {Game drawn by mutual
agreement} 1/2-1/2

[Event "Team 45 45 League T64"]
[Site "Internet Chess Club"]
[Date "2015.03.13"]
[Round "2"]
[White "room-matt"]
[Black "jjmolina"]
[Result "1/2-1/2"]
[WhiteElo "1913"]
[BlackElo "1744"]
[Opening "Sicilian: Grand Prix attack"]
[ECO "B23"]
[Time "16:04:42"]
[TimeControl "2700+45"]

1. e4 c5 2. Nc3 Nc6 3. f4 g6 4. Nf3 Bg7 5. Bc4 e6 6. O-O Nge7 7. d3 O-O 8. Qe1
d5 9. Bb5 a6 10. Bxc6 Nxc6 11. e5 b5 12. a4 b4 13. Ne2 Bb7 14. b3 Rc8 15. Kh1 a5
16. Qf2 Ne7 17. Ng3 Qc7 18. Ng5 c4 19. dxc4 h6 20. Nf3 dxc4 21. Nd4 cxb3 22.
cxb3 Rfd8 23. Bb2 Bd5 24. Rac1 Qb6 25. Rxc8 Rxc8 26. h4 h5 27. Nge2 Bf8 28. Qg3
Nf5 29. Nxf5 exf5 30. Nd4 Be4 31. Re1 Bc5 32. Rd1 Rd8 33. Qf2 Kg7 34. Kh2 Kh7
35. Rd2 Rd5 36. Qg1 Qd8 37. g3 Bf3 38. Qf2 Bg4 39. Rd3 Kg8 40. Qd2 Bf3 41. Qf2
Be4 42. Rd2 Qb6 43. Kh3 Kh7 44. Kh2 Kg8 45. Kh3 Kh7 46. Kh2 Kg8 47. Kh3 Kh7 48.
Kh2 Kg8 49. Kh3 {Game drawn by repetition} 1/2-1/2

[Event "Team 45 45 League T64"]
[Site "Internet Chess Club"]
[Date "2015.03.16"]
[Round "2"]
[White "TillyChess"]
[Black "Goli"]
[Result "1-0"]
[WhiteElo "2108"]
[BlackElo "1794"]
[Opening "Robatsch (modern) defense"]
[ECO "B06"]
[Time "17:02:10"]
[TimeControl "2700+45"]

1. e4 g6 2. d4 Bg7 3. Nc3 d6 4. Be3 Nf6 5. Qd2 O-O 6. O-O-O a6 7. f3 Nc6 8. h4
h5 9. Nh3 e5 10. Bh6 Nxd4 11. Bxg7 Kxg7 12. Ng5 Ne6 13. Bc4 Nxg5 14. hxg5 Nh7
15. g4 h4 16. Rxh4 Qxg5 17. Rxh7+ {Black resigns} 1-0

[Event "Team 45 45 League T64"]
[Site "Internet Chess Club"]
[Date "2015.03.11"]
[Round "2"]
[White "zap2"]
[Black "pishd"]
[Result "1-0"]
[WhiteElo "1663"]
[BlackElo "1747"]
[Opening "Benko's opening"]
[ECO "A00"]
[Time "06:15:49"]
[TimeControl "2700+45"]

1. g3 Nf6 2. Bg2 e6 3. Nf3 Be7 4. d3 O-O 5. O-O d5 6. Nbd2 c5 7. e4 Nc6 8. e5
Ng4 9. Re1 f6 10. exf6 Bxf6 11. h3 Nh6 12. Nb3 b6 13. c3 Nf7 14. a4 Bb7 15. Rxe6
c4 16. dxc4 dxc4 17. Nbd4 Nxd4 18. cxd4 Qd7 19. Re1 Rad8 20. Be3 Bxf3 21. Bxf3
Qxh3 22. Bg4 Rxd4 23. Bxh3 Rxd1 24. Raxd1 Bxb2 25. Be6 c3 26. Rd7 h6 27. a5 c2
28. Bc1 Bc3 29. Re2 Bxa5 30. Rxc2 b5 31. Rxa7 {Black resigns} 1-0

[Event "Team 45 45 League T64"]
[Site "Internet Chess Club"]
[Date "2015.03.15"]
[Round "2"]
[White "elmaestro"]
[Black "Duguesclin"]
[Result "0-1"]
[WhiteElo "1761"]
[BlackElo "1639"]
[Opening "English opening"]
[ECO "A20"]
[Time "08:26:21"]
[TimeControl "2700+45"]

1. c4 e5 2. g3 d5 3. Bg2 d4 4. d3 c5 5. Nf3 Nc6 6. O-O f5 7. e3 Nf6 8. exd4 cxd4
9. Re1 Bd6 10. a3 a5 11. b3 O-O 12. Nbd2 f4 13. Qc2 fxg3 14. fxg3 Bf5 15. c5 Bc7
16. Qc4+ Qd5 17. Qb5 Na7 18. Qa4 Qxc5 19. Qc4+ Qxc4 20. Nxc4 Bxd3 21. Nfxe5 Bxe5
22. Nxe5 Bc2 23. Bb2 d3 24. Bc3 Nb5 25. Bd2 Nd4 26. b4 Nb3 27. Nxd3 Nxa1 28.
Rxa1 Bxd3 29. Bxb7 Ra7 30. Bc6 axb4 31. Bxb4 Rc8 32. Bf3 g5 33. h3 h5 34. Rd1
Be4 35. Rd6 Bxf3 36. Rxf6 g4 37. h4 Rc2 38. Rf5 Rd7 39. Rg5+ Kf7 40. Kf1 Rd1+
41. Be1 Bg2+ 42. Kg1 Rxe1+ 43. Kh2 Bh3# {White checkmated} 0-1

[Event "Team 45 45 League T64"]
[Site "Internet Chess Club"]
[Date "2015.03.16"]
[Round "2"]
[White "LittleButton"]
[Black "juniorVishy"]
[Result "0-1"]
[WhiteElo "1846"]
[BlackElo "1941"]
[Opening "QGD Slav: exchange variation"]
[ECO "D13"]
[Time "05:05:39"]
[TimeControl "2700+45"]

1. d4 d5 2. Nf3 Nf6 3. c4 c6 4. cxd5 cxd5 5. Nc3 Nc6 6. Bf4 a6 7. Rc1 e6 8. e3
Nh5 9. Be2 Nxf4 10. exf4 Bd6 11. g3 O-O 12. O-O Bd7 13. Na4 Qa5 14. Nc3 b5 15.
a3 b4 16. axb4 Qxb4 17. Ne5 Bxe5 18. dxe5 Nd4 19. Bg4 Rfc8 20. Ne2 Nb3 21. Rc3
Rab8 22. Qd3 Nc5 23. Qd4 Qb5 24. Rfc1 Nb3 25. Rxc8+ Bxc8 26. Qc3 Nxc1 27. Qxc1
Qc4 28. Qa1 Bd7 29. Nc3 d4 30. Ne4 Qc2 {White resigns} 0-1